 Dungeon Crawl Stone Soup version 0.25.1-2-g60ff931df9 (webtiles) character file.

Game seed: 10838378047054676793

63170 lorenzova the Eclecticist (level 14, -6/68 HPs)
             Began as a Deep Elf Conjurer on Sept 15, 2020.
             Was a High Priest of Vehumet.
             Hit by a silver javelin thrown by a minotaur (34 damage)
             ... on level 11 of the Dungeon on Sept 16, 2020.
             The game lasted 01:53:09 (30422 turns).

lorenzova the Eclecticist (Deep Elf Conjurer)      Turns: 30422, Time: 01:53:09

Health: -6/68      AC:  8    Str:  5    XL:     14   Next: 67%
Magic:  32/38      EV: 12    Int: 36    God:    Vehumet [*****.]
Gold:   2240       SH:  0    Dex: 15    Spells: 22/49 levels left

rFire    + . .     SeeInvis .   M - staff of earth
rCold    + . .     Gourm    .   (no shield)
rNeg     . . .     Faith    .   S - +2 leather armour {rC+}
rPois    .         Spirit   .   a - +0 helmet of the Swan {+Inv Int+4}
rElec    .         Reflect  .   (no cloak)
rCorr    .         Harm     .   G - +1 pair of gloves
MR       +....                  (no boots)
Stlth    ++........             h - amulet of magic regeneration
HPRegen  0.21/turn              t - ring of protection from fire
MPRegen  0.51/turn              T - +6 ring of intelligence

@: no status effects
A: no striking features
a: Renounce Religion, Evoke Invisibility


You were on level 11 of the Dungeon.
You worshipped Vehumet.
Vehumet was extremely pleased with you.
You were not hungry.

You visited 4 branches of the dungeon, and saw 22 of its levels.
You also visited: Ossuary.

You collected 2659 gold pieces.
You spent 419 gold pieces at shops.

Inventory:

Hand Weapons
 s - the +0 spear of Destiny {vorpal, rPois MR- Str+4}
   (You found it on level 4 of the Lair of Beasts)

   It inflicts extra damage upon your enemies.
   It affects your strength (+4).
   It protects you from poison.
   It affects your resistance to hostile enchantments.
Armour
 a - the +0 helmet of the Swan (worn) {+Inv Int+4}
   (You acquired it on level 1 of the Lair of Beasts)

   It affects your intelligence (+4).
   It lets you turn invisible.
 G - a +1 pair of gloves (worn)
 S - a +2 leather armour of cold resistance (worn)
 X - a +2 robe of magic resistance
Magical Staves
 M - an uncursed staff of earth (weapon)
 U - an uncursed staff of energy
Jewellery
 h - an amulet of magic regeneration (around neck)
 k - an uncursed amulet of reflection
 t - a ring of protection from fire (left hand)
 w - an uncursed ring of protection from cold
 L - an uncursed ring of resist corrosion
 T - a +6 ring of intelligence (right hand)
Wands
 j - a wand of flame (23)
 n - a wand of iceblast (14)
Scrolls
 d - 2 scrolls of enchant armour
 e - 4 scrolls of blinking
 f - 6 scrolls of fog
 g - 8 scrolls of remove curse
 i - a scroll of acquirement
 p - 7 scrolls of amnesia
 q - 10 scrolls of teleportation
 u - a scroll of magic mapping {unknown}
 v - a scroll of identify
 y - 3 scrolls of enchant weapon
 J - 2 scrolls of immolation
Potions
 b - 6 potions of heal wounds
 l - a potion of ambrosia
 m - 6 potions of flight
 o - 5 potions of lignification
 r - 4 potions of haste
 z - 2 potions of mutation
 A - 5 potions of might
 B - a potion of berserk rage {unknown}
 C - a potion of resistance
 D - a potion of stabbing
 F - 6 potions of curing {unknown}
 N - 2 potions of brilliance {unknown}
 O - 2 potions of cancellation {unknown}
Comestibles
 c - 39 rations


   Skills:
 - Level 2.4 Dodging
 - Level 2.4 Stealth
 * Level 18.4 Spellcasting
 * Level 16.2 Conjurations
 - Level 9.0 Hexes
 + Level 7.7 Translocations
 - Level 9.6 Fire Magic
 + Level 7.7 Earth Magic
 - Level 4.4 Evocations


You had 22 spell levels left.
You knew the following spells:

 Your Spells              Type           Power        Failure   Level  Hunger
a - Magic Dart            Conj           ####         0%          1    None
b - Lee's Rapid Deconstr  Erth           #######...   1%          5    None
c - Iskenderun's Mystic   Conj/Tloc      #######.     1%          4    None
d - Fulminant Prism       Conj/Hex       #######...   1%          4    None
k - Iron Shot             Conj/Erth      ########..   1%          6    None
p - Blink                 Tloc           N/A          1%          2    None
x - Conjure Flame         Conj/Fire      #######.     1%          3    None
z - Searing Ray           Conj           ######       0%          2    None

Your spell library contained the following spells:

 Spells                   Type           Power        Failure   Level  Hunger
 Conjure Ball Lightning   Conj/Air       #######...   2%          6    None
 Corona                   Hex            #######      1%          1    None
 Freeze                   Ice            ####         1%          1    None
 Infusion                 Chrm           ####         1%          1    None
 Ensorcelled Hibernation  Hex/Ice        ######       1%          2    None
 Shroud of Golubria       Chrm/Tloc      ######       1%          2    None
 Slow                     Hex            #######.     1%          2    None
 Confusing Touch          Hex            #######.     1%          3    None
 Dazzling Flash           Conj/Hex       ######       1%          3    None
 Frozen Ramparts          Ice            ####..       1%          3    None
 Gell's Gravitas          Tloc           ######....   1%          3    None
 Inner Flame              Hex/Fire       #######.     1%          3    None
 Lesser Beckoning         Tloc           ######....   1%          3    None
 Mephitic Cloud           Conj/Pois/Air  ######..     1%          3    None
 Portal Projectile        Hex/Tloc       ######       1%          3    None
 Spectral Weapon          Hex/Chrm       ######..     1%          3    None
 Teleport Other           Tloc           ######..     1%          3    None
 Tukima's Dance           Hex            #######.     1%          3    None
 Cause Fear               Hex            #######...   1%          4    None
 Hailstorm                Conj/Ice       #######.     1%          4    None
 Leda's Liquefaction      Hex/Erth       #######...   1%          4    None
 Passage of Golubria      Tloc           N/A          1%          4    None
 Call Imp                 Summ           ####....     2%          2    None
 Song of Slaying          Chrm           ####....     2%          2    None
 Ozocubu's Armour         Chrm/Ice       ####....     4%          3    None
 Dispersal                Tloc           ######....   11%         6    None
 Summon Ice Beast         Ice/Summ       ####....     16%         4    None
 Controlled Blink         Tloc           N/A          99%         8    ####...
 Disjunction              Tloc           ######....   99%         8    ####...


Dungeon Overview and Level Annotations

Branches:
Dungeon (13/15)            Temple (1/1) D:5            Lair (6/6) D:9
  Swamp (0/4) Lair:2        Snake (0/4) Lair:3        Slime (0/5) Lair:6
    Orc (2/2) D:12            Elf (0/3) Orc:2       Ossuary (visited)
 Vaults: D:13-14

Altars:
Ashenzari
Cheibriados
Dithmenos
Elyvilon
Fedhas
Gozag
Hepliaklqana
Kikubaaqudgha
Makhleb
Nemelex Xobeh
Okawaru
Qazlal
Ru
Sif Muna
Trog
Uskayaw
Vehumet
Wu Jian
Xom
Yredelemnul
Zin
The Shining One
Beogh

Shops:
D:4 %   D:8 *   D:12 }   Orc:2 %[[?

Annotations:
D:12 1 runed translucent door
D:13 Rupert
Lair:4 2 transporters


Message History

The yaktaur hits your fulminant prism with a cursed +0 hand axe!
Your fulminant prism explodes!
The blast of energy engulfs the yaktaur!!
You kill the yaktaur!
Vehumet accepts your kill.
You feel your power returning.
You hear a bellow! x2
You start resting.
The minotaur is too close now for your liking.
Casting: Fulminant Prism (safe; 1% risk of failure)
Confirm with . or Enter, or press ? or * to list all spells.
Aiming: Iron Shot (dangerous; 1% risk of failure)
Press: ? - help, Shift-Dir - straight line, f - minotaur
Aim: a minotaur, wearing a +0 chain mail and quivering 15 silver javelins (wandering, hasn't noticed you)
You feel a surge of power!
The iron shot misses the minotaur.
The minotaur bellows!
The minotaur throws a silver javelin.
The silver javelin pierces through you!!
Ouch! That really hurt!
You die...

#..###...≈≈.....#.#......
#.....(..≈.≈....###......
#.......≈≈.≈≈≈......≈≈...
#...(.H≈≈...≈≈≈≈..≈≈≈≈≈≈≈
#......≈....≈.≈≈≈≈≈≈..≈≈≈
#.)....≈..(..≈≈≈≈≈.......
#......≈......≈≈≈≈≈.#####
#.....≈≈.#'#..≈≈≈≈..# #
#....≈≈.@#.#.≈≈≈≈...# #
#....≈...#.#.≈≈≈≈...# #
#....≈...#.#≈≈..(...#
#....≈...###≈.).....#
#....≈≈.....≈.###''##
#.....≈.......# ..)Y#
#.....≈≈......# .Y #
#......≈......#
#......≈≈.....#


You could see a minotaur.

Vanquished Creatures
  A minotaur (D:11)
  4 hydras
  A fire dragon (Lair:6)
  2 vault guards (D:13)
  A two-headed ogre (D:9)
  2 centaur warriors
  A death yak (Lair:6)
  An orc high priest (Orc:2)
  A fire crab (Lair:6)
  A swamp dragon (Lair:2)
  2 wizards (D:13)
  A lindwurm (Lair:6)
  A necromancer (D:13)
  Pikel (D:5)
  8 orc sorcerers (Orc:2)
  3 ugly things
  2 cyclopes (D:12)
  A manticore (D:12)
  3 oklob plants (Lair:2)
  3 elephants (Lair:4)
  5 black mambas
  A gargoyle (D:13)
  5 torpor snails (Lair:6)
  12 spiny frogs
  5 komodo dragons
  A rime drake (Lair:5)
  7 yaktaurs (D:11)
  An efreet (D:13)
  Grinder (D:5)
  4 tyrant leeches (Lair:6)
  4 trolls
  8 polar bears
  7 hornets (Lair:6)
  7 hippogriffs
  Prince Ribbit (Lair:3)
  16 blink frogs
  35 yaks
  A shadow (D:13)
  2 wyverns
  16 humans (D:13)
  2 hungry ghosts
  3 basilisks
  A steam dragon (D:11)
  9 wargs (Orc:2)
  The ghost of sinister the Skirmisher, an amateur GrMo of Okawaru (D:4)
  Menkaure (D:7)
  21 water moccasins
  4 porcupines
  2 ice beasts
  A black bear (D:7)
  2 sky beasts
  A phantom (D:12)
  11 orc warriors
  2 necrophages
  9 ogres
  13 centaurs
  5 wolves (Lair:5)
  2 big kobolds
  19 crocodiles
  12 bullfrogs
  An elf zombie (Ossuary)
  A gnoll sergeant (D:11)
  A wyvern skeleton (D:13)
  3 scorpions (D:4)
  A troll zombie (D:12)
  20 killer bees
  10 wights
  2 electric eels (D:11)
  4 howler monkeys
  3 crimson imps
  A centaur zombie (D:4)
  A quasit (D:9)
  3 bullfrog skeletons
  2 bullfrog zombies
  4 jellies
  A human zombie (Ossuary)
  12 orc priests
  9 hounds
  Jessica (D:2)
  4 iguanas
  14 worker ants
  Natasha (twice) (D:2)
  26 orc wizards
  7 ogre zombies (D:12)
  2 big kobold zombies (Ossuary)
  3 hound zombies
  3 hound skeletons
  3 mummies (Ossuary)
  A worker ant zombie (D:11)
  A howler monkey zombie (D:8)
  28 gnolls
  16 adders
  2 oozes
  2 adder skeletons (D:4)
  7 adder zombies
  3 worms
  A dart slug (D:2)
  8 leopard geckos
  69 orcs
  4 giant cockroaches
  8 goblins
  10 hobgoblins
  5 jackals
  3 quokkas
  2 ball pythons
  3 bats
  3 frilled lizards
  A gnoll zombie (Ossuary)
  A goblin skeleton (D:12)
  6 goblin zombies
  2 hobgoblin skeletons (D:12)
  6 hobgoblin zombies
  A jackal skeleton (D:4)
  A jackal zombie (Ossuary)
  13 kobolds
  5 kobold zombies (Ossuary)
  2 orc skeletons (D:12)
  18 orc zombies
  4 quokka zombies (Ossuary)
  3 rats
  3 rat zombies (Ossuary)
  A bush (Lair:5)
  4 fungi
  9 plants
700 creatures vanquished.

Vanquished Creatures (others)
  Maurice (D:13)
  2 slaves (D:5)
  A bullfrog (D:5)
  A bullfrog skeleton (D:5)
  2 worker ants (D:5)
  A shadow imp (D:5)
  A giant cockroach (D:5)
  A quokka zombie (D:5)
  3 bushes (Lair:6)
  164 fulminant prisms
  8 fungi
  11 plants (Lair:6)
196 creatures vanquished.

Grand Total: 896 creatures vanquished

Notes
Turn   | Place    | Note
-------+----------+-------------------------------------------
     0 | D:1      | lorenzova the Deep Elf Conjurer began the quest for the
                  | Orb.
     0 | D:1      | Reached XP level 1. HP: 10/10 MP: 6/6
   785 | D:2      | Reached XP level 2. HP: 15/15 MP: 3/8
   789 | D:2      | Learned a level 2 spell: Searing Ray
   862 | D:2      | Noticed Jessica
   868 | D:2      | Killed Jessica
   868 | D:2      | Reached skill level 4 in Spellcasting
   868 | D:2      | Reached skill level 5 in Conjurations
   868 | D:2      | Reached XP level 3. HP: 18/19 MP: 5/10
   951 | D:2      | Found an iron altar of Okawaru.
   954 | D:2      | Found a hazy altar of Hepliaklqana.
   976 | D:2      | Found a sacrificial altar of Ru.
  1072 | D:2      | Found a faded altar of an unknown god.
  1241 | D:2      | Noticed Natasha
  1243 | D:2      | Killed Natasha
  1243 | D:2      | Reached XP level 4. HP: 24/24 MP: 9/12
  1316 | D:2      | Reached skill level 5 in Spellcasting
  1597 | D:2      | Noticed Natasha
  1605 | D:2      | Killed Natasha
  1724 | D:2      | HP: 1/24 [orc/+0 whip (2)]
  2010 | D:2      | Reached XP level 5. HP: 28/28 MP: 12/15
  2104 | D:3      | Reached skill level 6 in Spellcasting
  2269 | D:3      | Reached XP level 6. HP: 32/32 MP: 13/17
  2287 | D:2      | Learned a level 4 spell: Iskenderun's Mystic Blast
  2292 | D:2      | Learned a level 4 spell: Fulminant Prism
  2647 | D:3      | Found a shimmering blue altar of Sif Muna.
  2928 | D:3      | Found a snail-covered altar of Cheibriados.
  3107 | D:3      | Reached skill level 1 in Hexes
  3369 | D:4      | Reached skill level 1 in Translocations
  3530 | D:4      | Reached skill level 7 in Spellcasting
  3584 | D:4      | Found Xotuk's Food Boutique.
  3647 | D:4      | Reached XP level 7. HP: 34/36 MP: 10/19
  3721 | D:4      | Found a transporter.
  3728 | D:4      | Found a transporter.
  3728 | D:4      | Noticed sinister's ghost (amateur GrMo)
  4224 | D:5      | Entered Level 5 of the Dungeon
  4224 | D:5      | Noticed a yak
  4224 | D:5      | Noticed a yak
  4227 | D:5      | Noticed a yak
  4254 | D:5      | Noticed Pikel
  4263 | D:5      | Killed Pikel
  4263 | D:5      | Reached skill level 8 in Spellcasting
  4263 | D:5      | Reached XP level 8. HP: 7/41 MP: 9/22
  4512 | D:5      | Found a sand-covered staircase.
  4523 | Ossuary  | Entered an ossuary
  4744 | Ossuary  | Reached skill level 9 in Spellcasting
  5641 | D:5      | Noticed Grinder
  5649 | D:5      | Killed Grinder
  5719 | D:5      | Found a staircase to the Ecumenical Temple.
  5790 | Temple   | Entered the Ecumenical Temple
  5903 | D:5      | Reached skill level 10 in Spellcasting
  5903 | D:5      | Reached skill level 5 in Hexes
  5903 | D:5      | Reached XP level 9. HP: 45/45 MP: 15/25
  6880 | D:6      | Found a burning altar of Makhleb.
  6960 | D:6      | Found a radiant altar of Vehumet.
  6960 | D:6      | Found a basalt altar of Yredelemnul.
  6964 | D:6      | Became a worshipper of Vehumet
  6970 | D:6      | Learned a level 3 spell: Conjure Flame
  6973 | D:6      | Learned a level 2 spell: Blink
  7045 | D:6      | Found a glowing silver altar of Zin.
  7747 | D:7      | Reached skill level 5 in Translocations
  7747 | D:7      | Reached skill level 1 in Fire Magic
  7855 | D:7      | Found a hide-covered altar of Uskayaw.
  7883 | D:7      | Noticed Menkaure
  7886 | D:7      | Killed Menkaure
  7886 | D:7      | Reached skill level 11 in Spellcasting
  7886 | D:7      | Reached skill level 10 in Conjurations
  9060 | D:7      | Found a shimmering altar of Xom.
  9224 | D:8      | Found a white marble altar of Elyvilon.
  9256 | D:8      | Found Ahaubrom's General Store.
  9263 | D:8      | Bought a scroll of identify for 24 gold pieces
  9267 | D:8      | Reached * piety under Vehumet
  9267 | D:8      | Offered knowledge of Foxfire by Vehumet.
  9267 | D:8      | Reached XP level 10. HP: 50/50 MP: 23/27
 10027 | D:9      | Noticed a two-headed ogre
 10052 | D:9      | Killed a two-headed ogre
 10235 | D:9      | Reached skill level 12 in Spellcasting
 10315 | D:9      | Found a staircase to the Lair.
 10793 | D:9      | Offered knowledge of Sandblast by Vehumet.
 10856 | D:9      | Reached ** piety under Vehumet
 11053 | D:10     | Entered Level 10 of the Dungeon
 11572 | D:10     | Noticed a centaur warrior
 11580 | D:10     | Killed a centaur warrior
 11817 | D:10     | Reached XP level 11. HP: 54/54 MP: 24/29
 11900 | D:10     | Reached skill level 13 in Spellcasting
 12373 | D:10     | Offered knowledge of Inner Flame by Vehumet.
 12875 | D:11     | Noticed a brown ugly thing
 12915 | D:11     | Killed a brown ugly thing
 12915 | D:11     | Reached skill level 5 in Fire Magic
 13350 | D:11     | Reached *** piety under Vehumet
 13767 | D:11     | HP: 1/54 [yaktaur/bolt (28)]
 14284 | D:11     | Offered knowledge of Ignite Poison by Vehumet.
 14491 | D:11     | Noticed a minotaur
 14783 | Lair:1   | Entered Level 1 of the Lair of Beasts
 14800 | Lair:1   | Noticed a six-headed hydra
 15418 | D:11     | Reached skill level 14 in Spellcasting
 15463 | D:11     | Noticed a minotaur
 15781 | D:12     | Reached **** piety under Vehumet
 15827 | D:12     | Offered knowledge of Static Discharge by Vehumet.
 16156 | D:12     | Found Mifretad's Gadget Emporium.
 17011 | D:12     | Found a staircase to the Orcish Mines.
 17090 | D:12     | Reached ***** piety under Vehumet
 17090 | D:12     | Offered knowledge of Iron Shot by Vehumet.
 17098 | D:12     | Learned a level 6 spell: Iron Shot
 17127 | D:12     | Found a runed translucent door.
 17127 | D:12     | Noticed a vampire knight
 17127 | D:12     | Noticed a flayed ghost
 17127 | D:12     | Noticed a frost giant
 17129 | D:12     | Noticed a phantasmal warrior
 17129 | D:12     | Noticed a phantasmal warrior
 17129 | D:12     | Noticed an entropy weaver
 17129 | D:12     | Noticed a storm dragon
 17129 | D:12     | Noticed a deep troll earth mage
 17493 | D:13     | Noticed Maurice
 17500 | D:13     | Killed Maurice
 17546 | D:13     | Reached skill level 1 in Evocations
 17582 | D:13     | Reached skill level 1 in Earth Magic
 17582 | D:13     | Reached XP level 12. HP: 43/59 MP: 17/32
 18031 | D:13     | Noticed a centaur warrior
 18036 | D:13     | Killed a centaur warrior
 18332 | D:13     | Reached skill level 15 in Spellcasting
 18553 | D:13     | Noticed a vault guard
 18555 | D:13     | Noticed a vault guard
 18557 | D:13     | Killed a vault guard
 18560 | D:13     | Killed a vault guard
 18940 | D:13     | Noticed Rupert
 19003 | Orc:1    | Entered Level 1 of the Orcish Mines
 19169 | Orc:2    | Entered Level 2 of the Orcish Mines
 19771 | Orc:1    | Found a roughly hewn altar of Beogh.
 20007 | Orc:2    | Found a staircase to the Elven Halls.
 20224 | Orc:2    | Noticed an orc high priest
 20232 | Orc:2    | Killed an orc high priest
 20239 | Orc:2    | Offered knowledge of Lee's Rapid Deconstruction by Vehumet.
 20814 | Orc:2    | Reached skill level 16 in Spellcasting
 20814 | Orc:2    | Reached XP level 13. HP: 63/63 MP: 28/35
 21177 | Orc:2    | Found Uprak's Antique Armour Boutique.
 21177 | Orc:2    | Found Iduaphid's Food Shoppe.
 21458 | Orc:2    | Found a roughly hewn altar of Beogh.
 21537 | Orc:2    | Found Ihiho's Magic Scroll Boutique.
 21537 | Orc:2    | Found Ruem's Armour Shoppe.
 21757 | Orc:2    | Bought a scroll of teleportation for 48 gold pieces
 21757 | Orc:2    | Bought a scroll of teleportation for 48 gold pieces
 21757 | Orc:2    | Bought a scroll of fog for 32 gold pieces
 21788 | Orc:2    | Bought a fine robe for 142 gold pieces
 21805 | Orc:2    | Identified the +1 robe of Resonance {Str+3 Dex-4 Slay+3}
                  | (You bought it in a shop on level 2 of the Orcish Mines)
 21821 | Orc:2    | Learned a level 5 spell: Lee's Rapid Deconstruction
 21822 | Orc:2    | Bought a dyed leather armour for 125 gold pieces
 22329 | Lair:1   | Reached skill level 5 in Earth Magic
 23709 | Lair:1   | Identified a scroll of acquirement
 23709 | Lair:1   | Acquired the +0 helmet of the Swan {+Inv Int+4}
 23891 | Lair:2   | Found a staircase to the Swamp.
 24477 | Lair:2   | Reached skill level 15 in Conjurations
 24636 | Lair:2   | Reached skill level 17 in Spellcasting
 25363 | Lair:3   | Offered knowledge of Conjure Ball Lightning by Vehumet.
 25382 | Lair:3   | Found a staircase to the Snake Pit.
 25439 | Lair:3   | Noticed Prince Ribbit
 25443 | Lair:3   | Killed Prince Ribbit
 26122 | Lair:4   | You fall into a shaft and drop 1 floor!
 26171 | Lair:4   | Got an ancient spear
 26204 | Lair:4   | Identified the cursed +0 spear of Destiny {vorpal, rPois
                  | MR- Str+4} (You found it on level 4 of the Lair of Beasts)
 26361 | Lair:4   | Reached XP level 14. HP: 68/68 MP: 30/37
 26486 | Lair:4   | Found a transporter.
 26511 | Lair:4   | Found a transporter.
 27974 | Lair:6   | Entered Level 6 of the Lair of Beasts
 28313 | Lair:6   | Found a runed translucent door.
 28752 | Lair:6   | Reached skill level 18 in Spellcasting
 28879 | Lair:6   | Found a staircase to the Slime Pits.
 30121 | D:4      | Killed sinister's ghost
 30422 | D:11     | Hit by a silver javelin thrown by a minotaur

Illustrated notes

Levels and vault maps discovered:
D:1:      wheals_arrival_linesprint, layout_rooms
D:2:      layout_basic, grunt_temple_overflow_open,
          chequers_ecumenical_altar_island, first_ration, kennysheep_doodads,
          uniq_natasha, uniq_jessica
D:3:      cheibrodos_thug_alley, layout_loops_ring, cheibriados_altar_1,
          lemuel_blue_sif_altar, minmay_misc_feat_pillars,
          minmay_misc_feat_more_columns, hangedman_abyss_or_decor_stabs
D:4:      layout_rooms, gammafunk_ghost_mausoleum, serial_shops,
          kennysheep_little_box, minmay_quadrilaterals
D:5:      layout_loops_ring, temple_statues, enter_ossuary_1, uniq_grinder,
          uniq_pikel
D:6:      layout_basic, bloody_makhleb, lemuel_doored_altar,
          gammafunk_temple_overflow_wave
D:7:      layout_basic, kennysheep_mini_moat, tgw_xom, uniq_menkaure
D:8:      layout_rooms, elyvilon_altar_1, serial_shops, nicolae_shop_stone
D:9:      layout_rooms, dpeg_oklobed_lair
D:10:     layout_irregular_city, grunt_ogre_cave, wad_mini_maze
D:11:     fort_yaktaur, layout_basic
D:12:     minmay_gate_of_8, layout_rooms, zombieorc2_lemuel, serial_shops, shop
D:13:     layout_roguey, grunt_vaults_entry_tiered, serial_aquarium,
          aquarium_bridge_square [aquarium_subvault_bridge,
          aquarium_subvault_window, aquarium_subvault_bridge,
          aquarium_subvault_wall], aquarium_window_3, aquarium_window_1,
          aquarium_view_2a, aquarium_pool_side, grunt_decor_one_mirror,
          drop_trap, uniq_rupert, uniq_maurice
Temple:   cyrus_temple_forest
Lair:1:   layout_cave_pods, st_stairs_8, grunt_megastairs_2
Lair:2:   layout_cave_pods, minmay_swamp_entry_reptiles,
          minmay_lair_oklob_chamber
Lair:3:   layout_hall_layers, minmay_snake_entry_six_corridors,
          grunt_megastairs_5, lemuel_fruit_fields, uniq_prince_ribbit2
Lair:4:   gammafunk_cloud_chamber, layout_regular_city, minmay_hedge_maze
Lair:5:   layout_loops_ring, st_stairs_3, chequers_serial_rivers_small_b,
          beast_lair_carwin_4
Lair:6:   wormcave, layout_hall_layers, dpeg_slime_entry_corner, minivault_27,
          wad_woods_06, infiniplex_staircase_pool_2, lemuel_fruit_fields
Orc:1:    layout_caves, lemuel_statue_altar
Orc:2:    st_orc_town, layout_diamond_mine

Skill      XL: |  1  2  3  4  5  6  7  8  9 10 11 12 13 14 |
---------------+-------------------------------------------+-----
Spellcasting   | 4 5 6 7 8 10 11 12 14 16 17 18 | 18.4
Conjurations   | 5 6 7 8 9 10 11 13 14 15 16 | 16.2
Hexes          | 1 3 5 6 8 9 |  9.0
Translocations | 1 3 4 5 6 7 |  7.7
Fire Magic     | 2 4 6 7 9 |  9.6
Evocations     | 1 4 |  4.4
Earth Magic    | 1 4 6 7 |  7.7
Dodging        | |  2.4
Stealth        | |  2.4

Action                   |  1- 3 |  4- 6 |  7- 9 | 10-12 | 13-15 || total
-------------------------+-------+-------+-------+-------+-------++-------
Melee: Staff             |       |       |       |    35 |       ||    35
       Spear             |       |       |       |       |   100 ||   100
 Cast: Magic Dart        |    48 |   111 |   219 |   282 |   187 ||   847
       Searing Ray       |     2 |     9 |    53 |   107 |    58 ||   229
       Fulminant Prism   |       |       |     2 |    89 |    73 ||   164
       Blink             |       |       |     1 |       |       ||     1
       Conjure Flame     |       |       |       |    56 |     5 ||    61
       Iskenderun's Myst |       |       |       |    13 |    25 ||    38
       Iron Shot         |       |       |       |       |    73 ||    73
       Lee's Rapid Decon |       |       |       |       |     9 ||     9
Evoke: Staff of energy   |       |       |       |     2 |       ||     2
  Use: Scroll            |       |     5 |     4 |     5 |    14 ||    28
       Potion            |       |       |       |     2 |       ||     2
 Stab: Sleeping          |       |       |       |     1 |       ||     1
  Eat: Chunk             |     1 |     7 |    14 |    23 |    28 ||    73
       Ration            |       |       |     1 |     3 |     1 ||     5
Armor: Robe              |       |     3 |    15 |     9 |       ||    27
       Leather armour    |       |       |       |    15 |    11 ||    26
Dodge: Dodged            |     3 |     7 |    66 |    84 |    27 ||   187
Block: Other             |       |     7 |    19 |    41 |     2 ||    69
       Reflection        |       |       |     1 |    19 |       ||    20
